 Dungeon Crawl Stone Soup version 0.20.0-7-g3b7b877 (webtiles) character file.

106 Chiseanne the Vexing (level 4, -4/26 HPs)
             Began as a Deep Elf Arcane Marksman on May 28, 2017.
             Slain by an iron imp (6 damage)
             ... on level 3 of the Dungeon.
             The game lasted 00:09:43 (3795 turns).

Chiseanne the Vexing (Deep Elf Arcane Marksman)     Turns: 3795, Time: 00:09:43

Health: -4/26      AC:  7    Str:  8    XL:     4   Next: 55%
Magic:  5/9        EV: 11    Int: 18    God:
Gold:   147        SH:  0    Dex: 15    Spells: 4/7 levels left

rFire    . . .     SeeInvis .   a - +0 trident
rCold    . . .     Gourm    .   (no shield)
rNeg     . . .     Faith    .   u - +0 ring mail
rPois    .         Spirit   .   d - +1 hat
rElec    .         Reflect  .   (no cloak)
rCorr    +         Harm     .   (no gloves)
MR       .....                  m - +0 pair of boots
Stlth    +.........             (no amulet)
Regen    0.1/turn               o - ring of wizardry
MPRegen  0.2/turn               q - ring of resist corrosion

@: no status effects
A: no striking features
a: no special abilities


You were on level 3 of the Dungeon.
You were hungry.

You visited 1 branch of the dungeon, and saw 3 of its levels.

You collected 147 gold pieces.

Inventory:

Hand Weapons
 a - a +0 trident (weapon)
 w - a +0 hunting sling
Missiles
 b - a throwing net
 l - 9 stones (quivered)
Armour
 d - a +1 hat (worn)
 m - a +0 pair of boots (worn)
 u - a +0 ring mail (worn)
Magical Staves
 s - an uncursed staff of cold
Jewellery
 e - an uncursed amulet of the gourmand {unknown}
 k - an uncursed ring of fire
 o - a ring of wizardry (left hand)
 q - a ring of resist corrosion (right hand)
Wands
 j - a wand of polymorph (5/24)
Scrolls
 n - a scroll of remove curse
 r - a scroll of enchant armour {unknown}
 t - a scroll of identify
Potions
 g - a potion of haste {unknown}
 h - 2 potions of magic {unknown}
 i - 2 potions of cancellation
 p - a potion of mutation {unknown}
Books
 c - a book of Debilitation

   Spells                             Type                      Level
   a - Corona                         Hexes                        1
   b - Slow                           Hexes                        2
   c - Inner Flame                    Hexes/Fire                   3
   d - Portal Projectile              Hexes/Translocation          3
   e - Cause Fear                     Hexes                        4
   f - Leda's Liquefaction            Hexes/Earth                  4
Comestibles
 f - a bread ration


   Skills:
 * Level 2.1 Fighting
 - Level 1.5(1.8) Slings
 - Level 1.6(2.1) Throwing
 * Level 0.4 Armour
 - Level 3.4 Dodging
 * Level 2.0 Spellcasting
 * Level 4.6 Hexes


You had 4 spell levels left.
You knew the following spells:

 Your Spells              Type           Power        Failure   Level  Hunger
a - Corona                Hex            ###....      3%          1    #......
b - Slow                  Hex            ###.....     5%          2    ###....


Dungeon Overview and Level Annotations

Branches:
Dungeon (3/15)

Altars:
Kikubaaqudgha
Sif Muna
Xom
The Shining One


Message History

Aim: an iron imp (almost dead, slow, chance to defeat MR: 65%)
The iron imp barely resists.
The iron imp hits you!
* * * LOW HITPOINT WARNING * * *
You closely miss the iron imp.
The iron imp is almost dead.
The iron imp closely misses you.
You closely miss the iron imp.
The iron imp is almost dead.
You barely miss the iron imp.
The iron imp is almost dead.
The iron imp barely misses you.
Casting: Corona
Confirm with . or Enter, or press ? or * to list all spells.
Aiming: Corona
Press: ? - help, Shift-Dir - straight line, f/p - iron imp
Aim: an iron imp (almost dead, slow, chance to defeat MR: 65%)
The iron imp is outlined in light.
The iron imp is no longer moving slowly.
The iron imp hits you.
You die...

##..#....#.# #(. ..### #
#..........# .... ....# #
#...#...##.# .##(# #.#.# #
#..)#.5.# .# #(# #.#.# #
#...#...# .# #.# #.#[# #
####...#...#####.# #.# #.#.# #
........[..5.....# #.###.#.####
####(....####.########.).........
#.###.# #((5@......>...######
#.###.# ################ #..##.#
##.#.# #..# # ##.## ... #.## #.#
##.## #.# #..###.###.


You could see an iron imp.

Vanquished Creatures
  2 adders
  An ooze (D:2)
  A worm (D:2)
  3 dart slugs
  2 leopard geckos
  4 bats
  3 giant cockroaches
  9 hobgoblins
  9 jackals
  10 kobolds
  A quokka (D:2)
  6 frilled lizards
  8 goblins
  11 rats
70 creatures vanquished.

Notes
Turn   | Place    | Note
-------+----------+-------------------------------------------
     0 | D:1      | Chiseanne the Deep Elf Arcane Marksman began the quest for the Orb.
     0 | D:1      | Reached XP level 1. HP: 11/11 MP: 5/5
    60 | D:1      | Reached skill level 1 in Fighting
   177 | D:1      | Reached XP level 2. HP: 14/16 MP: 6/6
   248 | D:1      | Reached skill level 1 in Throwing
   892 | D:1      | Reached XP level 3. HP: 20/20 MP: 7/7
  1202 | D:2      | Learned a level 2 spell: Slow
  1222 | D:2      | Found a shimmering altar of Xom.
  1222 | D:2      | Found an ancient bone altar of Kikubaaqudgha.
  1223 | D:2      | Found a glowing golden altar of the Shining One.
  1237 | D:2      | Found a deep blue altar of Sif Muna.
  1732 | D:3      | Reached XP level 4. HP: 26/26 MP: 8/8
  3795 | D:3      | Slain by an iron imp

Skill      XL: |  1  2  3  4 |
---------------+-------------+-----
Fighting       | 1 2 |  2.1
Throwing       | 1 |  1.6
Dodging        | 3 |  3.4
Spellcasting   | 2 |  2.0
Slings         | |  1.5
Armour         | |  0.4
Hexes          | |  4.6

Action                   |  1- 3 |  4- 6 || total
-------------------------+-------+-------++-------
Melee: Short sword       |    12 |       ||    12
       Trident           |       |   181 ||   181
 Fire: Hunting sling     |   167 |    71 ||   238
 Cast: Corona            |       |    29 ||    29
       Slow              |       |    16 ||    16
Evoke: Wand              |       |     1 ||     1
  Use: Scroll            |     5 |     1 ||     6
  Eat: Chunk             |     2 |     4 ||     6
       Royal jelly       |       |     2 ||     2
Armor: Robe              |    24 |     1 ||    25
       Ring mail         |       |   109 ||   109
Dodge: Dodged            |    57 |   130 ||   187
